 Dungeon Crawl Stone Soup version 0.24.0-37-gcf1ca852f1 (webtiles) character file.

Game seed: 7621109699169941722, levelgen mode: deterministic

239283 Delamore the Executioner (level 19, -1/202 HPs)
             Began as a Hill Orc Fighter on Nov 27, 2019.
             Was the Champion of Okawaru.
             Slain by a merfolk impaler
             ... wielding a +0 trident
              (9 damage)
             ... on level 4 of the Shoals.
             The game lasted 01:31:21 (34874 turns).

Delamore the Executioner (Hill Orc Fighter)        Turns: 34874, Time: 01:31:21

Health: -1/202     AC: 17    Str: 35    XL:     19   Next: 74%
Magic:  25/25      EV: 15    Int:  8    God:    Okawaru [******]
Gold:   2222       SH:  0    Dex: 10    Spells: 18/18 levels left

rFire    + . .     SeeInvis +   L - +8 executioner's axe of Quick Death {freeze, *Noise rElec MR- SInv}
rCold    + + .     Gourm    .   (shield currently unavailable)
rNeg     . . .     Faith    .   r - +0 scale mail "Xahineb" {Slay+2}
rPois    .         Spirit   .   a - +2 hat {MR+}
rElec    +         Reflect  .   z - scarf {rC+ rF+}
rCorr    .         Harm     .   t - +0 pair of gloves {Str+3}
MR       +....                  H - +1 pair of boots {Fly}
Stlth    ..........             y - amulet of Vitality {Regen+ HP+15}
HPRegen  0.83/turn              D - +5 ring of evasion
MPRegen  0.19/turn              i - ring of protection from cold

@: mighty, flying, studying Bows
A: no striking features
}: 1/15 runes: serpentine
a: Heroism, Finesse, Renounce Religion, Stop Flying


You were on level 4 of the Shoals.
You worshipped Okawaru.
Okawaru was exalted by your worship.
You were hungry.

You visited 6 branches of the dungeon, and saw 32 of its levels.
You visited 1 bazaar.
You also visited: Gauntlet and Ice Cave.

You collected 3440 gold pieces.
You spent 1218 gold pieces at shops.

Inventory:

Hand Weapons
 L - the +8 executioner's axe of Quick Death (weapon) {freeze, *Noise rElec MR- SInv}
   (Okawaru gifted it to you on level 10 of the Dungeon)

   It has been specially enchanted to freeze those struck by it, causing extra
   injury to most foes and up to half again as much damage against particularly
   susceptible opponents.
   It can also slow down cold-blooded creatures.
   It insulates you from electricity.
   It affects your resistance to hostile enchantments.
   It lets you see invisible.
   It may make noises in combat.
Missiles
 g - 2 throwing nets
 U - 13 silver javelins (quivered)
Armour
 a - a +2 hat of magic resistance (worn)
 p - the +10 scale mail of Distant Worlds {+Blink rF- Int+5 SInv}
   (You took it off a merfolk on level 4 of the Shoals)

   It affects your intelligence (+5).
   It makes you vulnerable to fire.
   It lets you see invisible.
   It lets you blink.
 r - the +0 scale mail "Xahineb" (worn) {Slay+2}
   (Okawaru gifted it to you on level 4 of the Snake Pit)

   It affects your accuracy and damage with ranged weapons and melee attacks
   (+2).
 t - a +0 pair of gloves of strength (worn)
 x - a +2 pair of boots of running
 z - a scarf of resistance (worn)
 H - a +1 pair of boots of flying (worn)
 N - the +14 chain mail of the Ward {+Blink rPois rC-}
   (Okawaru gifted it to you on level 11 of the Dungeon)

   It makes you vulnerable to cold.
   It protects you from poison.
   It lets you blink.
 R - a scarf of cloud immunity
 W - a +2 cloak of magic resistance
Jewellery
 b - an uncursed ring of positive energy
 i - a ring of protection from cold (right hand)
 y - the amulet of Vitality (around neck) {Regen+ HP+15}
   (You found it on level 4 of the Dungeon)

   [amulet of regeneration]

   It affects your health (+15).
   It increases your rate of regeneration.
 D - a +5 ring of evasion (left hand)
 Y - an uncursed ring of positive energy
Wands
 w - a wand of flame (53)
 G - a wand of acid (23)
 I - a wand of paralysis (10)
 J - a wand of iceblast (6)
 K - a wand of digging (12)
 T - a wand of enslavement (27)
 Z - a wand of disintegration (33)
Scrolls
 e - 7 scrolls of magic mapping
 j - 6 scrolls of fog
 l - 19 scrolls of remove curse
 m - a scroll of amnesia
 n - 5 scrolls of enchant weapon
 o - 12 scrolls of teleportation
 q - 8 scrolls of enchant armour
 v - a scroll of silence
 Q - a scroll of brand weapon
 V - 4 scrolls of identify
Potions
 c - a potion of berserk rage
 h - 13 potions of curing
 k - 3 potions of haste
 u - 3 potions of resistance
 A - 2 potions of mutation
 C - 2 potions of cancellation
 E - 3 potions of might
 M - 6 potions of agility
 S - 4 potions of invisibility
Books
 s - a manual of Bows
Miscellaneous
 B - a lamp of fire (inert)
Comestibles
 f - 50 rations


   Skills:
 + Level 20.6 Fighting
 - Level 26.0 Axes
 + Level 18.4 Armour
   Level 3.2 Shields
 * Level 8.3 Invocations
 * Level 6.3 Evocations


You had 18 spell levels left.
You didn't know any spells.
Your spell library contained the following spells:

 Spells                   Type           Power        Failure   Level  Hunger
 Beastly Appendage        Tmut           #.....       54%         1    ##.....
 Confusing Touch          Hex            #.....       54%         1    ##.....
 Corona                   Hex            #......      54%         1    ##.....
 Freeze                   Ice            #...         54%         1    ##.....
 Infusion                 Chrm           #...         54%         1    ##.....
 Magic Dart               Conj           #...         54%         1    ##.....
 Shock                    Conj/Air       #...         54%         1    ##.....
 Sting                    Conj/Pois      #...         54%         1    ##.....
 Blink                    Tloc           N/A          67%         2    ###....
 Passwall                 Tmut/Erth      #.......     67%         2    ###....
 Poisonous Vapours        Pois/Air       #.....       67%         2    ###....
 Searing Ray              Conj           #.....       67%         2    ###....
 Shroud of Golubria       Chrm/Tloc      #.....       67%         2    ###....
 Slow                     Hex            #.......     67%         2    ###....
 Song of Slaying          Chrm           #.......     67%         2    ###....
 Sticks to Snakes         Tmut           #.......     67%         2    ###....
 Swiftness                Chrm/Air       #.......     67%         2    ###....
 Throw Frost              Conj/Ice       #.....       67%         2    ###....
 Confuse                  Hex            #.......     88%         3    ####...
 Dazzling Spray           Conj/Hex       #.....       88%         3    ####...
 Gell's Gravitas          Tloc           #.........   88%         3    ####...
 Ignite Poison            Fire/Tmut/Pois #.......     88%         3    ####...
 Inner Flame              Hex/Fire       #.......     88%         3    ####...
 Lesser Beckoning         Tloc           #.........   88%         3    ####...
 Mephitic Cloud           Conj/Pois/Air  #.......     88%         3    ####...
 Ozocubu's Armour         Chrm/Ice       #.......     88%         3    ####...
 Portal Projectile        Hex/Tloc       #.....       88%         3    ####...
 Recall                   Summ/Tloc      N/A          88%         3    ####...
 Regeneration             Chrm/Necr      #.........   88%         3    ####...
 Spectral Weapon          Hex/Chrm       #.......     88%         3    ####...
 Spider Form              Tmut/Pois      #.........   88%         3    ####...
 Static Discharge         Conj/Air       #.......     88%         3    ####...
 Teleport Other           Tloc           #.......     88%         3    ####...
 Airstrike                Air            #.........   99%         4    #####..
 Animate Dead             Necr           N/A          99%         4    #####..
 Cause Fear               Hex            #.........   99%         4    #####..
 Force Lance              Conj/Tloc      #.......     99%         4    #####..
 Fulminant Prism          Conj/Hex       #.........   99%         4    #####..
 Ice Form                 Ice/Tmut       #.......     99%         4    #####..
 Iskenderun's Mystic Bla  Conj           #.......     99%         4    #####..
 Leda's Liquefaction      Hex/Erth       #.........   99%         4    #####..
 Olgreb's Toxic Radiance  Pois           #.......     99%         4    #####..
 Passage of Golubria      Tloc           N/A          99%         4    #####..
 Petrify                  Tmut/Erth      #.......     99%         4    #####..
 Summon Ice Beast         Ice/Summ       #.......     99%         4    #####..
 Throw Icicle             Conj/Ice       #.......     99%         4    #####..
 Blade Hands              Tmut           #.........   100%        5    ######.
 Bolt of Magma            Conj/Fire/Erth #.........   100%        5    ######.
 Borgnjor's Vile Clutch   Necr/Erth      #.........   100%        5    ######.
 Fireball                 Conj/Fire      #.........   100%        5    ######.
 Iskenderun's Battlesphe  Conj/Chrm      #.......     100%        5    ######.
 Lee's Rapid Deconstruct  Erth           #.........   100%        5    ######.
 Lightning Bolt           Conj/Air       #.........   100%        5    ######.
 Metabolic Englaciation   Hex/Ice        #.........   100%        5    ######.
 Venom Bolt               Conj/Pois      #.........   100%        5    ######.
 Yara's Violent Unravell  Hex/Tmut       #.........   100%        5    ######.
 Bolt of Cold             Conj/Ice       #.........   100%        6    #######
 Bolt of Fire             Conj/Fire      #.........   100%        6    #######
 Darkness                 Hex            #.........   100%        6    #######
 Death Channel            Necr           #.........   100%        6    #######
 Freezing Cloud           Conj/Ice/Air   #.........   100%        6    #######
 Invisibility             Hex            #.......     100%        6    #######
 Iron Shot                Conj/Erth      #.........   100%        6    #######
 Ozocubu's Refrigeration  Ice            #.........   100%        6    #######
 Simulacrum               Ice/Necr       #.........   100%        6    #######
 Orb of Destruction       Conj           #.........   100%        7    #######
 Ring of Flames           Chrm/Fire      #.........   100%        7    #######
 Spellforged Servitor     Conj/Summ      #.........   100%        7    #######
 Ignition                 Fire           #.........   100%        8    #######


Dungeon Overview and Level Annotations

Branches:
Dungeon (15/15) Temple (1/1) D:5 Lair (6/6) D:9 Shoals (4/4) Lair:2 Snake (4/4) Lair:4 Slime (0/5) Lair:5 Orc (2/2) D:12 Elf (0/3) Orc:2 Vaults (0/5) D:13 D:14 Depths (0/5) D:15 IceCv (visited) Gauntlet (visited)

Altars:
Ashenzari
Cheibriados
Elyvilon
Fedhas
Gozag
Hepliaklqana
Makhleb
Okawaru
Qazlal
Ru
Sif Muna
Uskayaw
Vehumet
Wu Jian
Xom
Yredelemnul
Zin
The Shining One

Shops:
Orc:2 =*(*   Shoals:4 =   Snake:2 (*[:   Snake:3 =}=   Snake:4 :!=}


Message History

The merfolk impaler hits you from afar with a +0 trident!
* * * LOW HITPOINT WARNING * * *
You cut the merfolk impaler into ribbons!!!
You freeze the merfolk impaler!!
You kill the merfolk impaler!
Okawaru accepts your kill.
The merfolk impaler hits you from afar with a +0 trident!
* * * LOW HITPOINT WARNING * * *
Unknown command.
You reach down and close the door, pushing everything out of the way.
You see here a merfolk corpse.
A merfolk impaler opens the door.
You reach down and close the door.
Something unseen opens the door.
The merfolk impaler hits you from afar with a +0 trident!
* * * LOW HITPOINT WARNING * * *
You reach down and close the door.
A merfolk impaler opens the door.
Okay, then.
You feel very mighty all of a sudden.
The merfolk impaler hits you from afar with a +0 trident!
You die...

≈≈≈≈≈≈≈≈≈≈≈≈≈≈≈≈≈≈≈≈≈≈...
≈≈≈≈≈≈≈≈≈≈≈≈≈≈≈≈≈≈......
≈≈≈≈≈≈≈≈≈≈≈≈≈≈≈≈≈......
#......≈≈≈≈≈≈≈≈≈...... ≈≈≈≈≈
#......≈≈≈≈≈≈≈≈..∩... ≈≈≈≈≈≈
#......≈≈≈≈≈≈≈≈...... ≈≈≈≈≈≈#
#....m).≈≈≈≈≈≈≈...... ≈≈≈≈≈≈#
#..##m##≈≈≈≈≈≈≈...≈≈. ≈≈≈≈≈≈##
##m##@..##..≈......≈≈≈
≈≈≈....#####..#.....#.....≈...≈≈≈
≈.........≈m..#..)..#...≈.....≈≈≈
.≈............#.....#≈...≈).....≈
.......#####..##...##≈≈≈≈..)[≈≈≈≈
......##...##≈≈#####≈≈≈≈≈....^≈≈≈
......#.....#≈≈≈≈≈≈≈≈≈≈........≈≈
(....)').φ..#≈≈≈≈≈≈≈≈≈≈.[......)(
.....†#m..m.#≈≈≈≈≈≈≈≈≈≈≈..#####((


You could see 2 merfolk impalers.

Vanquished Creatures
  Bai Suzhen (Snake:3)
  Rupert (D:13)
  An Ice Fiend (IceCv)
  Asterion (Snake:4)
  A kraken (Shoals:4)
  Frances (Shoals:1)
  Ilsuiw (Shoals:3)
  Louise (Snake:3)
  10 nagarajas (Snake:4)
  A ghoul (D:13)
  Aizul (Snake:1)
  An orc warlord (D:12)
  Azrael (Orc:2)
  2 entropy weavers
  A minotaur (Gauntlet)
  3 merfolk javelineers (Shoals:4)
  7 merfolk impalers
  Josephine (D:14)
  A yaktaur captain (D:15)
  6 hydras
  5 naga warriors
  3 catoblepae
  2 death yaks (Shoals:2)
  5 centaur warriors
  5 merfolk avatars
  2 two-headed ogres
  An alligator (Shoals:4)
  22 anacondas
  3 merfolk aquamancers (Shoals:4)
  3 alligator snapping turtles
  3 satyrs (Shoals:4)
  2 tengu warriors
  A death knight (D:15)
  A queen ant (Lair:3)
  15 naga sharpshooters
  9 shock serpents
  A soul eater (Gauntlet)
  A sixfirhy (Gauntlet)
  6 skeletal warriors (D:13)
  15 sea snakes
  An unseen horror (shapeshifter) (D:14)
  A salamander mystic (Snake:3)
  8 unseen horrors
  10 naga ritualists
  12 harpies
  A wolf spider zombie (D:15)
  2 orc knights
  A deep elf mage (D:15)
  9 salamanders
  22 fauns
  11 mana vipers
  4 orc sorcerers
  18 ugly things
  A cyclops (D:13)
  3 oklob plants
  7 manticores
  3 centaur zombies
  9 merfolk sirens
  7 guardian serpents
  6 elephants
  49 black mambas
  An ice statue (IceCv)
  6 water nymphs
  2 gargoyles (D:14)
  5 spiny frogs
  20 naga magi
  6 rime drakes
  5 centaur skeletons
  12 komodo dragons
  2 yaktaurs (D:15)
  3 freezing wraiths
  5 anaconda simulacra (IceCv)
  4 ice devils (IceCv)
  A golden dragon simulacrum (IceCv)
  A guardian mummy (D:13)
  A queen bee (D:15)
  A tengu conjurer (D:13)
  2 hornets
  6 meliai
  10 trolls
  19 merfolk
  7 wind drakes
  6 polar bears (Lair:6)
  8 blink frogs (Lair:6)
  8 hippogriffs
  A blink frog (shapeshifter) (D:15)
  14 slime creatures
  13 dream sheep (Lair:6)
  2 meliai zombies (D:13)
  8 snapping turtles
  A shadow (D:14)
  Sigmund (D:3)
  6 wraiths
  6 wyverns
  16 humans
  4 water elementals
  2 vampires
  28 yaks
  3 basilisks
  5 fire elementals
  2 death yak simulacra (IceCv)
  8 vampire mosquitoes
  4 hungry ghosts
  2 iron troll simulacra (IceCv)
  3 wargs (Orc:1)
  2 acid dragons (D:15)
  43 nagas
  3 hell hounds (Orc:2)
  20 soldier ants
  10 porcupines
  15 water moccasins
  5 hydra simulacra (IceCv)
  2 ice beasts
  41 orc warriors
  3 sky beasts
  3 black bears
  7 phantoms
  3 necrophages
  2 ettin simulacra (IceCv)
  2 eyes of draining
  An alligator simulacrum (IceCv)
  16 ogres
  6 wolves (Lair:2)
  12 centaurs
  16 crocodiles
  A big kobold (D:9)
  2 gnoll sergeants
  21 bullfrogs
  A wyvern skeleton (D:6)
  7 scorpions
  An elephant simulacrum (IceCv)
  24 killer bees
  12 wights
  5 electric eels
  6 crimson imps
  4 bullfrog zombies
  7 draconian simulacra (IceCv)
  14 orc priests
  2 jellies
  5 bullfrog skeletons
  6 hounds
  15 orc wizards
  Terence (D:3)
  Jessica (D:2)
  4 iguanas
  4 troll simulacra (IceCv)
  32 worker ants
  A polar bear simulacrum (IceCv)
  A wolf simulacrum (IceCv)
  3 centaur simulacra (IceCv)
  3 mummies (D:13)
  A hound skeleton (D:7)
  2 howler monkey zombies
  2 worker ant zombies
  Robin (D:3)
  6 gnolls
  2 naga simulacra (IceCv)
  18 adders
  2 ogre simulacra (IceCv)
  3 shadow imps
  5 white imps (IceCv)
  8 ufetubi
  An ooze (D:7)
  An adder skeleton (D:6)
  An adder zombie (D:6)
  7 worms
  2 dart slugs
  6 leopard geckos
  80 orcs
  6 ball pythons
  4 bats
  8 giant cockroaches
  23 goblins
  10 hobgoblins
  13 jackals
  6 quokkas
  5 frilled lizards
  9 kobolds
  9 rats
  6 fungi
  15 plants
  A tentacle (Shoals:4)
1261 creatures vanquished.

Vanquished Creatures (collateral kills)
  Polyphemus (Shoals:2)
  A harpy (Shoals:2)
  A centaur (Shoals:2)
  An orc wizard (D:12)
  An orc (D:12)
5 creatures vanquished.

Vanquished Creatures (others)
  A naga (Snake:4)
  An orc wizard (Orc:2)
  A white imp (IceCv)
  2 ufetubi (IceCv)
  2 orcs (Orc:2)
  14 fungi
  42 plants
  3 tentacles (Shoals:4)
66 creatures vanquished.

Grand Total: 1332 creatures vanquished

Notes
Turn   | Place    | Note
-------+----------+-------------------------------------------
     0 | D:1      | Delamore the Hill Orc Fighter began the quest for the Orb.
     0 | D:1      | Reached XP level 1. HP: 19/19 MP: 1/1
    18 | D:1      | Reached skill level 3 in Axes
   301 | D:1      | Reached XP level 2. HP: 25/26 MP: 2/2
   376 | D:1      | Reached skill level 4 in Axes
   695 | D:1      | Reached XP level 3. HP: 27/31 MP: 3/3
  1162 | D:2      | Reached skill level 5 in Axes
  1243 | D:2      | Reached XP level 4. HP: 25/39 MP: 4/4
  1346 | D:2      | Found a stormy altar of Qazlal.
  1489 | D:2      | Reached skill level 6 in Axes
  2070 | D:3      | Noticed Jessica
  2121 | D:2      | Killed Jessica
  2121 | D:2      | Reached XP level 5. HP: 44/45 MP: 5/5
  2258 | D:3      | Reached skill level 7 in Axes
  2400 | D:3      | Noticed Robin
  2409 | D:3      | Killed Robin
  2588 | D:3      | Found a blossoming altar of Fedhas.
  2629 | D:3      | Noticed Terence
  2645 | D:3      | Killed Terence
  2731 | D:3      | Reached skill level 8 in Axes
  2734 | D:3      | Reached XP level 6. HP: 51/51 MP: 6/6
  2810 | D:3      | Noticed Sigmund
  2819 | D:3      | Killed Sigmund
  2819 | D:3      | Reached skill level 9 in Axes
  3104 | D:4      | Found a transporter.
  3125 | D:4      | Found a transporter.
  3150 | D:4      | Reached XP level 7. HP: 35/57 MP: 7/7
  3395 | D:4      | Reached skill level 10 in Axes
  3679 | D:4      | Found the amulet of Vitality {Regen+ HP+15}
  4015 | D:5      | Entered Level 5 of the Dungeon
  4037 | D:5      | Reached skill level 11 in Axes
  4116 | D:5      | Found a staircase to the Ecumenical Temple.
  4124 | D:5      | Reached XP level 8. HP: 64/64 MP: 8/8
  4133 | Temple   | Entered the Ecumenical Temple
  4211 | Temple   | Became a worshipper of Warmaster Okawaru
  4498 | D:5      | Reached skill level 12 in Axes
  4831 | D:6      | Reached * piety under Okawaru
  4831 | D:6      | Reached skill level 13 in Axes
  4866 | D:6      | Found a shimmering altar of Xom.
  4867 | D:6      | Found a shimmering blue altar of Sif Muna.
  4873 | D:6      | Found a stormy altar of Qazlal.
  4875 | D:6      | Found a hazy altar of Hepliaklqana.
  4875 | D:6      | Found a hide-covered altar of Uskayaw.
  4886 | D:6      | Found a basalt altar of Yredelemnul.
  5034 | D:5      | Reached skill level 14 in Axes
  5034 | D:5      | Reached XP level 9. HP: 70/70 MP: 9/9
  5260 | D:6      | Reached ** piety under Okawaru
  5329 | D:6      | Found a radiant altar of Vehumet.
  5552 | D:7      | Reached skill level 15 in Axes
  6135 | D:7      | Reached skill level 16 in Axes
  6393 | D:7      | Reached *** piety under Okawaru
  6713 | D:8      | Noticed a troll
  6740 | D:8      | Killed a troll
  6740 | D:8      | Reached XP level 10. HP: 30/77 MP: 10/10
  6910 | D:8      | Reached skill level 17 in Axes
  6963 | D:8      | Found a shimmering blue altar of Sif Muna.
  7372 | D:9      | Found a staircase to the Lair.
  7517 | D:9      | Noticed a brown ugly thing
  7532 | D:9      | Killed a brown ugly thing
  7532 | D:9      | Reached skill level 5 in Fighting
  7574 | D:9      | Reached **** piety under Okawaru
  8028 | D:9      | Reached skill level 18 in Axes
  8285 | D:10     | Entered Level 10 of the Dungeon
  8306 | D:10     | Reached ***** piety under Okawaru
  8446 | D:10     | Received a gift from Okawaru
  8446 | D:10     | Reached XP level 11. HP: 94/94 MP: 11/11
  8467 | D:10     | Got a crude executioner's axe {god gift}
  8473 | D:10     | Identified the +8 executioner's axe of Quick Death {freeze,
                  | *Noise rElec MR- SInv} (Okawaru gifted it to you on level
                  | 10 of the Dungeon)
  8563 | D:10     | Noticed a centaur warrior
  8568 | D:10     | Killed a centaur warrior
  8661 | D:10     | Noticed an unseen horror
  8664 | D:10     | Noticed an unseen horror
  8666 | D:10     | Killed an unseen horror
  8668 | D:10     | Killed an unseen horror
  8668 | D:10     | Reached skill level 19 in Axes
  9024 | D:11     | Noticed an unseen horror
  9028 | D:11     | Killed an unseen horror
  9046 | D:11     | Received a gift from Okawaru
  9070 | D:11     | Reached skill level 20 in Axes
  9089 | D:11     | Got a bloodstained chain mail {god gift}
  9101 | D:11     | Identified the +14 chain mail of the Ward {+Blink rPois
                  | rC-} (Okawaru gifted it to you on level 11 of the Dungeon)
  9123 | D:11     | You fall into a shaft and drop 1 floor!
  9238 | D:11     | Found a glowing golden altar of the Shining One.
  9751 | D:12     | Reached XP level 12. HP: 100/100 MP: 12/12
  9954 | D:12     | Reached skill level 21 in Axes
 10165 | D:12     | Got a translucent scythe
 10166 | D:12     | Identified the cursed +0 scythe of the Original Sin {elec,
                  | Dex+6 Stlth+} (You found it on level 12 of the Dungeon)
 10365 | D:12     | Found a staircase to the Orcish Mines.
 10422 | Orc:1    | Entered Level 1 of the Orcish Mines
 10422 | Orc:1    | Noticed an orc warlord
 10670 | D:12     | Killed an orc warlord
 11331 | Orc:2    | Entered Level 2 of the Orcish Mines
 11343 | Orc:2    | Reached skill level 22 in Axes
 11348 | Orc:2    | Noticed a soul eater
 11434 | Orc:1    | Received a gift from Okawaru
 11454 | Orc:2    | Reached ****** piety under Okawaru
 11584 | Orc:2    | Found a staircase to the Elven Halls.
 11780 | Orc:2    | Noticed Azrael
 12227 | Orc:2    | Killed Azrael
 12418 | Orc:2    | Reached skill level 23 in Axes
 12450 | Orc:2    | Reached XP level 13. HP: 95/106 MP: 13/13
 12564 | Orc:2    | Found Hottehuz's Weapon Emporium.
 12564 | Orc:2    | Found Ifiob's Assorted Antiques.
 12630 | Orc:2    | Found Ehetinih's Jewellery Shop.
 12632 | Orc:2    | Found Ruerch's General Store.
 12637 | Orc:2    | Bought a fuming sapphire potion for 33 gold pieces
 13045 | Lair:1   | Entered Level 1 of the Lair of Beasts
 13495 | Lair:1   | Received a gift from Okawaru
 13495 | Lair:1   | Reached skill level 24 in Axes
 13933 | Lair:2   | Found a staircase to the Shoals.
 14694 | Lair:3   | You fall into a shaft and drop 2 floors!
 14820 | Lair:4   | You fall into a shaft and drop 2 floors!
 14820 | Lair:6   | Entered Level 6 of the Lair of Beasts
 14844 | Lair:6   | Reached skill level 25 in Axes
 14938 | Lair:6   | Reached XP level 14. HP: 114/114 MP: 14/14
 14964 | Lair:6   | Found a gate leading to a gauntlet.
 14970 | Gauntlet | Entered a Gauntlet
 14970 | Gauntlet | Found a transporter.
 14970 | Gauntlet | Found a runed translucent gate.
 14970 | Gauntlet | Found a transporter.
 14971 | Gauntlet | Found a runed translucent gate.
 14974 | Gauntlet | Found a transporter.
 14974 | Gauntlet | Found a transporter.
 14976 | Gauntlet | Found a runed translucent gate.
 14978 | Gauntlet | Found a transporter.
 14978 | Gauntlet | Found a transporter.
 15008 | Gauntlet | Found a runed translucent door.
 15010 | Gauntlet | Found a runed translucent door.
 15012 | Gauntlet | Found a transporter.
 15016 | Gauntlet | Found a transporter.
 15032 | Gauntlet | Found a transporter.
 15049 | Gauntlet | Found a transporter.
 15065 | Gauntlet | Found a transporter.
 15068 | Gauntlet | Found a transporter.
 15221 | Gauntlet | Identified a +0 pair of boots of running (You found it in a
                  | Gauntlet)
 15270 | Gauntlet | Identified Sif Muna's Handbook of the Feathery Glacier
 15376 | Gauntlet | Received a gift from Okawaru
 15444 | Lair:6   | Reached skill level 26 in Axes
 15649 | Lair:6   | Reached skill level 5 in Armour
 15920 | Lair:5   | Received a gift from Okawaru
 16253 | Lair:6   | Reached skill level 10 in Fighting
 16968 | Lair:5   | Found a staircase to the Slime Pits.
 17458 | Lair:4   | Noticed an entropy weaver
 17553 | Lair:3   | Received a gift from Okawaru
 17590 | Lair:4   | Noticed an entropy weaver
 17592 | Lair:4   | Reached XP level 15. HP: 129/129 MP: 15/15
 17931 | Lair:4   | Found a staircase to the Snake Pit.
 18057 | Lair:3   | Got a slimy battleaxe {god gift}
 18060 | Lair:4   | Identified the +7 battleaxe "Meupn" {chop, rElec MR- Dex+4}
                  | (Okawaru gifted it to you on level 3 of the Lair of Beasts)
 19444 | D:13     | Found a stormy altar of Qazlal.
 19713 | D:13     | Reached skill level 10 in Armour
 19795 | D:13     | Noticed a ghoul
 19806 | D:13     | Killed a ghoul
 20483 | D:14     | Found a gate to the Vaults.
 20483 | D:14     | Noticed Rupert
 20497 | D:13     | Received a gift from Okawaru
 20502 | D:13     | Killed Rupert
 20800 | D:14     | Found a sacrificial altar of Ru.
 20804 | D:14     | Noticed Josephine
 20816 | D:14     | Killed Josephine
 21140 | D:14     | Received a gift from Okawaru
 21144 | D:14     | Reached XP level 16. HP: 139/146 MP: 16/16
 21149 | D:14     | Got an ichor-stained animal skin {god gift}
 21160 | D:14     | Identified the +2 animal skin of the Pink Corner {Regen+}
                  | (Okawaru gifted it to you on level 14 of the Dungeon)
 21470 | D:15     | Entered Level 15 of the Dungeon
 21609 | D:15     | Found a shattered altar of Ashenzari.
 21795 | D:15     | Reached skill level 15 in Fighting
 21801 | D:15     | Found a staircase to the Depths.
 22836 | D:15     | Received a gift from Okawaru
 23227 | Snake:1  | Entered Level 1 of the Snake Pit
 23227 | Snake:1  | Noticed Aizul
 23242 | Snake:1  | Killed Aizul
 24127 | Snake:2  | Reached XP level 17. HP: 159/159 MP: 17/17
 24448 | Snake:2  | Received a gift from Okawaru
 24518 | Snake:2  | Found Memuar's Assorted Antiques.
 24520 | Snake:2  | Found Buoq's Antique Weapon Shoppe.
 24522 | Snake:2  | Found Gaydutsi's Book Shoppe.
 24522 | Snake:2  | Found Suxikoq's Antique Armour Shoppe.
 24552 | Snake:2  | Bought a pair of glowing boots for 172 gold pieces
 24552 | Snake:2  | Bought a ruby-studded plate armour for 644 gold pieces
 24576 | Snake:2  | Identified the +7 plate armour of Impermeability {*Slow
                  | Str+6 Dex+2} (You bought it in a shop on level 2 of the
                  | Snake Pit)
 24879 | Snake:3  | Reached skill level 15 in Armour
 24912 | Snake:3  | Found Vasachor's Jewellery Boutique.
 24913 | Snake:3  | Found Viakkosm's Gadget Shoppe.
 24916 | Snake:3  | Found Isaun's Jewellery Boutique.
 25088 | Snake:3  | Noticed Louise
 25116 | Snake:3  | Killed Louise
 25598 | Snake:4  | Entered Level 4 of the Snake Pit
 25620 | Snake:4  | Received a gift from Okawaru
 25632 | Snake:4  | Noticed Bai Suzhen
 25702 | Snake:3  | Killed Bai Suzhen
 25763 | Snake:4  | Received a gift from Okawaru
 25810 | Snake:4  | Found Kysmuuf's Jewellery Shoppe.
 25814 | Snake:4  | Found a flickering gateway to a bazaar.
 25835 | Bazaar   | Entered a bazaar
 25835 | Bazaar   | Found Caet's General Store.
 25835 | Bazaar   | Found Vuzuxad's General Store.
 25840 | Bazaar   | Bought a potion of mutation for 72 gold pieces
 25876 | Bazaar   | Found Pyag's General Store.
 25876 | Bazaar   | Found Taseg's General Store.
 25906 | Bazaar   | Found Upnod's General Store.
 25906 | Bazaar   | Found Ezaossoin's General Store.
 25928 | Bazaar   | Found Viburuk's General Store.
 25928 | Bazaar   | Found Dorphug's General Store.
 25944 | Bazaar   | Bought a scroll of identify for 28 gold pieces
 25944 | Bazaar   | Bought a potion of heal wounds for 70 gold pieces
 25944 | Bazaar   | Bought a scroll of summoning for 133 gold pieces
 25963 | Bazaar   | Bought a potion of heal wounds for 40 gold pieces
 25986 | Bazaar   | Bought a scroll of identify for 26 gold pieces
 26132 | Snake:4  | Reached XP level 18. HP: 88/172 MP: 18/18
 26314 | Snake:4  | Received a gift from Okawaru
 26318 | Snake:4  | Got a steaming scale mail {god gift}
 26392 | Snake:3  | Identified the +0 scale mail "Xahineb" {Slay+2} (Okawaru
                  | gifted it to you on level 4 of the Snake Pit)
 26912 | Snake:4  | Got a serpentine rune of Zot
 26991 | Snake:4  | Found Xuigrut's Book Boutique.
 27209 | Snake:4  | Noticed Asterion
 27232 | Snake:4  | Killed Asterion
 27387 | Snake:4  | Found Rach's Gadget Shop.
 27635 | Snake:4  | Found Wynemuno's Distillery.
 28019 | Shoals:1 | Entered Level 1 of the Shoals
 28358 | Shoals:1 | Received a gift from Okawaru
 28639 | Shoals:1 | Received a gift from Okawaru
 28856 | Shoals:1 | Noticed Frances
 28867 | Shoals:1 | Killed Frances
 29222 | Shoals:2 | Reached skill level 1 in Invocations
 29223 | Shoals:2 | Reached skill level 1 in Evocations
 29224 | Shoals:2 | Noticed Polyphemus
 29252 | Shoals:2 | HP: 7/193 [centaur/arrow (6)]
 29261 | Shoals:2 | Killed Polyphemus
 29450 | Shoals:2 | Reached XP level 19. HP: 185/185 MP: 20/20
 30263 | Shoals:3 | Found a frozen archway.
 30272 | IceCv    | Entered an ice cave
 31347 | IceCv    | Noticed an Ice Fiend
 31361 | IceCv    | Killed an Ice Fiend
 31361 | IceCv    | Reached skill level 5 in Invocations
 32596 | Shoals:4 | Entered Level 4 of the Shoals
 32619 | Shoals:4 | Noticed Ilsuiw
 32619 | Shoals:4 | HP: 1/202 [cloud of flame (15)]
 32822 | Shoals:4 | Found Ecomas's Jewellery Shop.
 33229 | Shoals:4 | Reached skill level 5 in Evocations
 33695 | Shoals:4 | Identified the +10 scale mail of Distant Worlds {+Blink rF-
                  | Int+5 SInv}
 34549 | Shoals:3 | Killed Ilsuiw
 34832 | Shoals:4 | Received a gift from Okawaru
 34840 | Shoals:4 | HP: 6/202 [merfolk javelineer/+2 antimagic spear (6)]
 34845 | Shoals:4 | HP: 2/202 [merfolk impaler/+1 demon trident of
                  | electrocution (14)]
 34872 | Shoals:4 | HP: 7/202 [merfolk impaler/+0 trident (8)]
 34874 | Shoals:4 | Slain by a merfolk impaler

Levels and vault maps discovered:
D:1:      dpeg_arrival_houses_and_road, layout_basic
D:2:      layout_loops_cross, lemuel_tele_altar
D:3:      layout_loops_cross, fedhas_altar_2, saegor_snake_ambush, uniq_sigmund,
          uniq_jessica, uniq_terence, uniq_robin
D:4:      gammafunk_steamed_eel, layout_loops_ring, hangedman_decor_riveting
D:5:      layout_loops_ring, minmay_temple_entry_large_hall, first_ration
D:6:      layout_rooms, minitemple, vehumet_altar_wand_db,
          minmay_fractal_squares_gapless_5
D:7:      layout_basic, grunt_ogre_cave, minmay_curled_crystal
D:8:      layout_loops_ring, corexii_corridor_pit, tgw_sif
D:9:      layout_stronghold, lair_entry_dummy
D:10:     layout_basic
D:11:     layout_long_grid, nicolae_tso_carved_into_rock
D:12:     wander_river, layout_grid_maze, orc_0_dummy
D:13:     layout_basic, basic_altar, serial_undead, serial_undead_a,
          serial_undead_d, serial_undead_d, serial_undead_c
D:14:     layout_long_grid, david_vaults_3, serial_bayou_shore_b,
          nicolae_ru_the_path_less_chosen, uniq_josephine
D:15:     hangedman_depths_entry_civil_slaughter, layout_basic, special_room
          [special_room_bee], evilmike_ruin_ashenzari
Temple:   dpeg_chambers_temple
Lair:1:   layout_roguey, serial_bayou_lagoon_b
Lair:2:   layout_concentric_octagons, minmay_shoals_entry_beasts
Lair:3:   layout_cave_pods, special_room, chequers_serial_rivers_small_3
Lair:4:   layout_regular_city, minmay_snake_entry_six_corridors,
          zaba_antful_of_joy
Lair:5:   layout_misc_corridors, minmay_slime_entry_oklob_enclosed
Lair:6:   gammafunk_lair_ancient_temple, layout_small_grid,
          gauntlet_entry_generic, minmay_lair_oklob_items, grunt_megastairs_1
Shoals:1: layout_shoals, uniq_frances
Shoals:2: layout_shoals, uniq_polyphemus
Shoals:3: layout_shoals, portal_ice_cave_entry_pillars_four
Shoals:4: shoals_end_simple, layout_shoals, shoals_ilsuiw_ice, serial_shops,
          shop, nicolae_shoals_siren_and_animal_friends
Snake:1:  layout_basic, special_room, grunt_ministairs_8, uniq_aizul
Snake:2:  layout_onion_interference, st_stairs_5, minmay_shop_grid_forest
Snake:3:  layout_onion, special_room, minmay_shop_grove, uniq_louise
Snake:4:  grunt_snake_rune_serpentine_throne, layout_gridlike, serial_shops,
          freezing_bzr, shop, shop, shop, nicolae_shop_stone,
          serial_bayou_shore_b, uniq_asterion, uniq_bai_suzhen
Orc:1:    layout_diamond_mine
Orc:2:    st_orc_rangers, layout_diamond_mine, uniq_azrael

Skill      XL: |  1  2  3  4  5  6  7  8  9 10 11 12 13 14 15 16 17 18 19 |
---------------+----------------------------------------------------------+-----
Axes           | 3 4 5 6 8 9 11 14 16 18 20 23 25 26 | 26.0
Fighting       | 8 11 14 16 18 20 | 20.6
Armour         | 8 11 14 16 18 | 18.4
Invocations    | 2 8 |  8.3
Evocations     | 1 6 |  6.3
Shields        | |  3.2

Action                   |  1- 3 |  4- 6 |  7- 9 | 10-12 | 13-15 | 16-18 | 19-21 || total
-------------------------+-------+-------+-------+-------+-------+-------+-------++-------
Melee: War axe           |    91 |   224 |   423 |   245 |       |       |       ||   983
       Executioner's axe |       |       |       |   315 |   708 |   911 |   356 ||  2290
Throw: Javelin           |       |       |       |       |     4 |     4 |    38 ||    46
Evoke: Wand              |       |     1 |     4 |     1 |    14 |     5 |     3 ||    28
       Phantom mirror    |       |       |       |     1 |       |       |       ||     1
       Lamp of fire      |       |       |       |       |     1 |     2 |     2 ||     5
       Sack of spiders   |       |       |       |       |       |       |     2 ||     2
  Use: Scroll            |       |       |     4 |     8 |     7 |    17 |     8 ||    44
       Potion            |       |       |     1 |       |       |     3 |     8 ||    12
 Stab: Paralysed         |       |       |       |     2 |       |       |       ||     2
  Eat: Chunk             |     1 |     6 |    13 |    22 |    18 |    11 |    11 ||    82
       Ration            |       |       |       |       |     3 |     4 |     2 ||     9
Armor: Scale mail        |    19 |       |       |       |       |       |   143 ||   162
       Ring mail         |    26 |    78 |       |       |       |       |       ||   104
       Chain mail        |       |    11 |   197 |   270 |   446 |   595 |    24 ||  1543
Dodge: Dodged            |    33 |    72 |    83 |   305 |   489 |   549 |   238 ||  1769
Block: Shield            |    64 |   111 |   191 |    93 |       |       |       ||   459
